TOP OF THE 1ST |
Hillsboro Hops batting - Pitching for Tri-City Dust Devils : LHP David Rodriguez
|
Pitching: LHP David Rodriguez
|
|
Batting: RHB Nelson Ozuna
|
0-0: Ball 1-0: Called Strike 1-1: Foul Ball, location: 2F 1-2: Strikes out looking
|
Batting: RHB Dwane Reed
|
0-0: Ball 1-0: Ball 2-0: Foul Ball, location: 2F 2-1: Foul Ball, location: 2F 2-2: Ball 3-2: Ground out 6-3 (Groundball, 6, EV 100.6 MPH)
|
Batting: RHB Danny Loyola
|
0-0: Called Strike 0-1: Foul Ball, location: 2F 0-2: Ball 1-2: Foul Ball, location: 2F 1-2: Foul Ball, location: 2F 1-2: Foul Ball, location: 2F 1-2: Foul Ball, location: 2F 1-2: Ball 2-2: Fly out, F7 (Flyball, 7D, EV 93.8 MPH)
|
Top of the 1st over - 0 runs, 0 hits, 0 errors, 0 left on base; Hillsboro 0 - Tri-City 0 |
BOTTOM OF THE 1ST |
Tri-City Dust Devils batting - Pitching for Hillsboro Hops : RHP Justin Gasper
|
Pitching: RHP Justin Gasper
|
|
Batting: RHB Adrian Cook
|
0-0: Called Strike 0-1: Swinging Strike 0-2: Fly out, F8 (Flyball, 89M, EV 81.2 MPH)
|
Batting: LHB Tony Contreras
|
0-0: Ball 1-0: Swinging Strike 1-1: Ball 2-1: Ball 3-1: Called Strike 3-2: Strikes out looking
|
Pitching: RHP Addick Huiberts
|
|
Batting: LHB Javy Portela
|
0-0: Called Strike 0-1: Swinging Strike 0-2: Strikes out swinging
|
Bottom of the 1st over - 0 runs, 0 hits, 0 errors, 0 left on base; Hillsboro 0 - Tri-City 0 |
TOP OF THE 2ND |
Hillsboro Hops batting - Pitching for Tri-City Dust Devils : LHP David Rodriguez
|
Batting: RHB Terry Jarrells
|
0-0: Called Strike 0-1: Ball 1-1: Ball 2-1: Foul Ball, location: 2F 2-2: Strikes out swinging
|
Batting: RHB Sean Tanner
|
0-0: Ball 1-0: Called Strike 1-1: Ball 2-1: Foul Ball, location: 2F 2-2: Strikes out swinging
|
Batting: RHB Longfellow Wetzler
|
0-0: Ball 1-0: Ball 2-0: Ball 3-0: Called Strike 3-1: SINGLE (Line Drive, 6D, EV 101.9 MPH)
|
Batting: RHB Ryuki Ogasawara
|
0-0: Ball 1-0: Reached on error, E4 (Groundball, 34S, EV 83.8 MPH) Longfellow Wetzler to second
|
Batting: RHB Daniel Rivera
|
0-0: Fly out, F5 (Line Drive, 5, EV 76.9 MPH)
|
Top of the 2nd over - 0 runs, 1 hit, 1 error, 2 left on base; Hillsboro 0 - Tri-City 0 |
BOTTOM OF THE 2ND |
Tri-City Dust Devils batting - Pitching for Hillsboro Hops : RHP Addick Huiberts
|
Batting: RHB Mike MacLeod
|
0-0: Swinging Strike 0-1: Ball 1-1: Ball 2-1: Ball 3-1: Base on Balls
|
Batting: LHB Ruben Rocha
|
0-0: Foul Ball, location: 2F 0-1: Called Strike 0-2: Foul Ball, location: 2F 0-2: Grounds into double play, 5-4-3 (Groundball, 56, EV 77.5 MPH)
|
Batting: RHB Ricardo Ortiz
|
0-0: Foul Ball, location: 2F 0-1: SINGLE (Groundball, 6MD, EV 108.1 MPH)
|
Batting: RHB Max Stillo
|
0-0: Ball 1-0: SINGLE (Groundball, 6M, EV 103.1 MPH) (infield hit) Ricardo Ortiz to second
|
Batting: RHB Frank Elizondo
|
0-0: Called Strike 0-1: Fly out, F9 (Flyball, 89M, EV 79.4 MPH)
|
Bottom of the 2nd over - 0 runs, 2 hits, 0 errors, 2 left on base; Hillsboro 0 - Tri-City 0 |
TOP OF THE 3RD |
Hillsboro Hops batting - Pitching for Tri-City Dust Devils : LHP David Rodriguez
|
Batting: SHB Pete Perla
|
0-0: Ball 1-0: Called Strike 1-1: Foul Ball, location: 2F 1-2: Foul Ball, location: 2F 1-2: Foul Ball, location: 2F 1-2: Ball 2-2: Ball 3-2: Foul Ball, location: 2F 3-2: Foul Ball, location: 2F 3-2: Base on Balls
|
Batting: RHB Nelson Ozuna
|
0-0: Called Strike 0-1: Swinging Strike 0-2: Ball 1-2: Ball 2-2: Foul Ball, location: 2F 2-2: Fly out, F8 (Flyball, 8LD, EV 101.9 MPH)
|
Batting: RHB Dwane Reed
|
0-0: 2-RUN HOME RUN (Flyball, 7D, EV 96.9 MPH), Distance : 365 ft
|
Batting: RHB Danny Loyola
|
0-0: Swinging Strike 0-1: Ball 1-1: Ball 2-1: Ball 3-1: Base on Balls
|
Batting: RHB Terry Jarrells
|
0-0: Foul Ball, location: 2F 0-1: Called Strike 0-2: Foul Ball, location: 2F 0-2: Strikes out swinging
|
Batting: RHB Sean Tanner
|
0-0: Called Strike 0-1: Ball 1-1: Ball Danny Loyola steals 2nd base 2-1: Foul Ball, location: 2F 2-2: Strikes out swinging
|
Top of the 3rd over - 2 runs, 1 hit, 0 errors, 1 left on base; Hillsboro 2 - Tri-City 0 |
BOTTOM OF THE 3RD |
Tri-City Dust Devils batting - Pitching for Hillsboro Hops : RHP Addick Huiberts
|
Batting: RHB Danny Guevara
|
0-0: SINGLE (Groundball, 56D, EV 94.4 MPH)
|
Batting: RHB Adrian Cook
|
0-0: Ball 1-0: SINGLE (Groundball, 6M, EV 101.2 MPH) (infield hit) Danny Guevara to second
|
Batting: LHB Tony Contreras
|
0-0: Foul Ball, location: 2F 0-1: Swinging Strike 0-2: Ball 1-2: Strikes out looking
|
Batting: LHB Javy Portela
|
0-0: Called Strike 0-1: Foul Ball, location: 2F 0-2: Ball 1-2: Ball 2-2: Foul Ball, location: 2F 2-2: Ball 3-2: Base on Balls Danny Guevara to third Adrian Cook to second
|
Batting: RHB Mike MacLeod
|
0-0: Ball 1-0: Called Strike 1-1: Ball 2-1: Grounds into double play, 5-4-3 (Groundball, 56, EV 96.2 MPH)
|
Bottom of the 3rd over - 0 runs, 2 hits, 0 errors, 2 left on base; Hillsboro 2 - Tri-City 0 |
TOP OF THE 4TH |
Hillsboro Hops batting - Pitching for Tri-City Dust Devils : LHP David Rodriguez
|
Batting: RHB Longfellow Wetzler
|
0-0: Ball 1-0: Fly out, F8 (Flyball, 8LD, EV 101.2 MPH)
|
Batting: RHB Ryuki Ogasawara
|
0-0: Ball 1-0: Foul Ball, location: 2F 1-1: Foul Ball, location: 2F 1-2: SOLO HOME RUN (Flyball, 78XD, EV 98.1 MPH), Distance : 407 ft
|
Batting: RHB Daniel Rivera
|
0-0: Called Strike 0-1: Foul Ball, location: 2F 0-2: Ball 1-2: Strikes out swinging
|
Batting: SHB Pete Perla
|
0-0: Ball 1-0: Swinging Strike 1-1: Ground out 6-3 (Groundball, 6, EV 96.9 MPH)
|
Top of the 4th over - 1 run, 1 hit, 0 errors, 0 left on base; Hillsboro 3 - Tri-City 0 |
BOTTOM OF THE 4TH |
Tri-City Dust Devils batting - Pitching for Hillsboro Hops : RHP Addick Huiberts
|
Pitching: RHP Ted Splawn
|
|
Batting: LHB Ruben Rocha
|
0-0: Ball 1-0: Fly out, F7 (Flyball, 7, EV 93.8 MPH)
|
Batting: RHB Ricardo Ortiz
|
0-0: Called Strike 0-1: Foul Ball, location: 2F 0-2: Foul Ball, location: 2F 0-2: Strikes out swinging, 2-3 out at first.
|
Batting: RHB Max Stillo
|
0-0: Ball 1-0: Ball 2-0: Swinging Strike 2-1: Ball 3-1: Fly out, F9 (Flyball, 9, EV 75.0 MPH)
|
Bottom of the 4th over - 0 runs, 0 hits, 0 errors, 0 left on base; Hillsboro 3 - Tri-City 0 |
TOP OF THE 5TH |
Hillsboro Hops batting - Pitching for Tri-City Dust Devils : LHP David Rodriguez
|
Batting: RHB Nelson Ozuna
|
0-0: Called Strike 0-1: Foul Ball, location: 2F 0-2: Strikes out swinging
|
Batting: RHB Dwane Reed
|
0-0: Ball 1-0: Ball 2-0: Ground out 6-3 (Groundball, 56, EV 101.2 MPH)
|
Batting: RHB Danny Loyola
|
0-0: SINGLE (Line Drive, 4M, EV 104.4 MPH)
|
Batting: RHB Terry Jarrells
|
0-0: Ball Danny Loyola steals 2nd, throwing error, E2 Danny Loyola to third 1-0: Called Strike 1-1: Ball 2-1: Swinging Strike 2-2: Strikes out swinging
|
Top of the 5th over - 0 runs, 1 hit, 1 error, 1 left on base; Hillsboro 3 - Tri-City 0 |
BOTTOM OF THE 5TH |
Tri-City Dust Devils batting - Pitching for Hillsboro Hops : RHP Ted Splawn
|
Batting: RHB Frank Elizondo
|
0-0: Swinging Strike 0-1: Called Strike 0-2: Foul Ball, location: 2F 0-2: Strikes out swinging
|
Batting: RHB Danny Guevara
|
0-0: Called Strike 0-1: Ball 1-1: Foul Ball, location: 2F 1-2: Strikes out swinging
|
Batting: RHB Adrian Cook
|
0-0: Called Strike 0-1: Swinging Strike 0-2: Foul Ball, location: 2F 0-2: Foul Ball, location: 2F 0-2: Ball 1-2: Foul Ball, location: 2F 1-2: Fly out, F5 (Popup, 56S, EV 70.0 MPH)
|
Bottom of the 5th over - 0 runs, 0 hits, 0 errors, 0 left on base; Hillsboro 3 - Tri-City 0 |
TOP OF THE 6TH |
Hillsboro Hops batting - Pitching for Tri-City Dust Devils : LHP David Rodriguez
|
Batting: RHB Sean Tanner
|
0-0: Foul Ball, location: 2F 0-1: Foul Ball, location: 2F 0-2: Strikes out swinging
|
Batting: RHB Longfellow Wetzler
|
0-0: Ball 1-0: Called Strike 1-1: Fly out, F8 (Flyball, 8LD, EV 98.1 MPH)
|
Batting: RHB Ryuki Ogasawara
|
0-0: Ball 1-0: Foul Ball, location: 2F 1-1: Foul Ball, location: 2F 1-2: Strikes out swinging
|
Top of the 6th over - 0 runs, 0 hits, 0 errors, 0 left on base; Hillsboro 3 - Tri-City 0 |
BOTTOM OF THE 6TH |
Tri-City Dust Devils batting - Pitching for Hillsboro Hops : RHP Ted Splawn
|
Batting: LHB Tony Contreras
|
0-0: Foul Ball, location: 2F 0-1: TRIPLE (Flyball, 78XD, EV 98.8 MPH)
|
Batting: LHB Javy Portela
|
0-0: Swinging Strike 0-1: Called Strike 0-2: Strikes out looking
|
Pitching: RHP Joe Rivin
|
|
Batting: RHB Mike MacLeod
|
0-0: Ball 1-0: Ball 2-0: Foul Ball, location: 2F 2-1: Ball Wild Pitch! Tony Contreras scores 3-1: Swinging Strike 3-2: Strikes out swinging
|
Batting: LHB Ruben Rocha
|
0-0: Ball 1-0: Foul Ball, location: 2F 1-1: Ball 2-1: Foul Ball, location: 2F 2-2: Ball 3-2: Base on Balls
|
Batting: RHB Ricardo Ortiz
|
0-0: Called Strike 0-1: Ball 1-1: SINGLE (Line Drive, 89M, EV 94.4 MPH) Ruben Rocha to second Runner from 2nd tries for 3rd, SAFE, throw by CF made to third
|
Pinch Hitting: LHB Erik Beezley
|
0-0: Called Strike 0-1: Called Strike 0-2: Ball 1-2: Strikes out swinging
|
Bottom of the 6th over - 1 run, 2 hits, 0 errors, 2 left on base; Hillsboro 3 - Tri-City 1 |
TOP OF THE 7TH |
Hillsboro Hops batting - Pitching for Tri-City Dust Devils : LHP David Rodriguez
|
Pitching: RHP Juan Isidro
|
|
Now at SS: Eric McMillian
|
|
Batting: RHB Daniel Rivera
|
0-0: Ground out 5-3 (Groundball, 56S, EV 80.6 MPH)
|
Batting: SHB Pete Perla
|
0-0: Ball 1-0: Ground out 5-3 (Groundball, 25, EV 78.8 MPH)
|
Batting: RHB Nelson Ozuna
|
0-0: Ball 1-0: Ball 2-0: DOUBLE (Flyball, 8LD, EV 94.4 MPH)
|
Batting: RHB Dwane Reed
|
0-0: Ball Wild Pitch! Nelson Ozuna to third 1-0: Called Strike 1-1: Foul Ball, location: 2F 1-2: Ball Wild Pitch! Nelson Ozuna scores 2-2: Ball 3-2: Foul Ball, location: 2F 3-2: Fly out, F5 (Popup, 56, EV 76.2 MPH)
|
Top of the 7th over - 1 run, 1 hit, 0 errors, 0 left on base; Hillsboro 4 - Tri-City 1 |
BOTTOM OF THE 7TH |
Tri-City Dust Devils batting - Pitching for Hillsboro Hops : RHP Joe Rivin
|
Now at 3B: Dwane Reed
|
|
Now in LF: Chris McGrath
|
|
Batting: RHB Frank Elizondo
|
0-0: Ground out 6-3 (Groundball, 6, EV 85.6 MPH)
|
Batting: RHB Danny Guevara
|
0-0: Called Strike 0-1: Ball 1-1: Ball 2-1: Swinging Strike 2-2: Ball 3-2: SINGLE (Groundball, 6MD, EV 108.8 MPH)
|
Batting: RHB Adrian Cook
|
0-0: Ball 1-0: Called Strike Danny Guevara steals 2nd base 1-1: Ball 2-1: Ball 3-1: Foul Ball, location: 2F 3-2: Strikes out swinging
|
Pitching: RHP Nick Garland
|
|
Batting: LHB Tony Contreras
|
0-0: Ball 1-0: Foul Ball, location: 2F 1-1: SINGLE (Groundball, 4MD, EV 110.0 MPH) (infield hit) Danny Guevara to third
|
Batting: LHB Javy Portela
|
0-0: Called Strike 0-1: Ball 1-1: Ball Tony Contreras steals 2nd base 2-1: Swinging Strike 2-2: Strikes out looking
|
Bottom of the 7th over - 0 runs, 2 hits, 0 errors, 2 left on base; Hillsboro 4 - Tri-City 1 |
TOP OF THE 8TH |
Hillsboro Hops batting - Pitching for Tri-City Dust Devils : RHP Juan Isidro
|
Batting: RHB Danny Loyola
|
0-0: Ball 1-0: Called Strike 1-1: Called Strike 1-2: Ball 2-2: Strikes out swinging
|
Batting: RHB Terry Jarrells
|
0-0: Fly out, F7 (Flyball, 7, EV 91.9 MPH)
|
Batting: RHB Sean Tanner
|
0-0: Ball 1-0: Ball 2-0: Swinging Strike 2-1: Foul Ball, location: 2F 2-2: Foul Ball, location: 2F 2-2: Fly out, F8 (Flyball, 8RD, EV 83.8 MPH)
|
Top of the 8th over - 0 runs, 0 hits, 0 errors, 0 left on base; Hillsboro 4 - Tri-City 1 |
BOTTOM OF THE 8TH |
Tri-City Dust Devils batting - Pitching for Hillsboro Hops : RHP Nick Garland
|
Now at 1B: Orlando Florez
|
|
Batting: RHB Mike MacLeod
|
0-0: Foul Ball, location: 2F 0-1: Ground out 3-1 (Groundball, 34, EV 106.2 MPH)
|
Batting: LHB Ruben Rocha
|
0-0: Ball 1-0: Ball 2-0: Ball 3-0: Called Strike 3-1: Called Strike 3-2: Foul Ball, location: 2F 3-2: Base on Balls
|
Batting: RHB Ricardo Ortiz
|
0-0: Ball 1-0: Called Strike 1-1: Ball 2-1: Called Strike 2-2: Foul Ball, location: 2F 2-2: SINGLE (Groundball, 34, EV 101.9 MPH) Ruben Rocha to second Runner from 2nd tries for 3rd, SAFE, throw by RF made to third
|
Pitching: RHP Andrew Yoder
|
|
Batting: RHB Eric McMillian
|
0-0: Ball 1-0: Called Strike 1-1: Ball 2-1: Called Strike 2-2: Foul Ball, location: 2F 2-2: Foul Ball, location: 2F 2-2: Strikes out swinging
|
Batting: RHB Frank Elizondo
|
0-0: Ball 1-0: Swinging Strike 1-1: Fly out, F9 (Flyball, 89D, EV 96.2 MPH)
|
Bottom of the 8th over - 0 runs, 1 hit, 0 errors, 2 left on base; Hillsboro 4 - Tri-City 1 |
TOP OF THE 9TH |
Hillsboro Hops batting - Pitching for Tri-City Dust Devils : RHP Juan Isidro
|
Batting: RHB Longfellow Wetzler
|
0-0: SINGLE (Groundball, 56S, EV 70.6 MPH) (infield hit)
|
Batting: RHB Ryuki Ogasawara
|
0-0: Bunted foul 0-1: Ball 1-1: Called Strike Balk! Longfellow Wetzler to second 1-2: Ball 2-2: Ball 3-2: SINGLE (Line Drive, 8RS, EV 93.8 MPH) Longfellow Wetzler to third Runner from 3rd tries for Home, SAFE, throw by CF to home
|
Batting: RHB Chris McGrath
|
0-0: Ball Wild Pitch! Ryuki Ogasawara to second 1-0: Ground out 6-3 (Groundball, 6, EV 87.5 MPH) Ryuki Ogasawara to third
|
Batting: SHB Pete Perla
|
0-0: Fly out, F8 (Flyball, 8LD, EV 104.4 MPH) Runner from 3rd tags up, OUT at HOME! 8-2
|
Top of the 9th over - 1 run, 2 hits, 0 errors, 0 left on base; Hillsboro 5 - Tri-City 1 |
BOTTOM OF THE 9TH |
Tri-City Dust Devils batting - Pitching for Hillsboro Hops : RHP Andrew Yoder
|
Pitching: LHP Jose Estrada
|
|
Batting: RHB Danny Guevara
|
0-0: Foul Ball, location: 2F 0-1: Ball 1-1: Fly out, F6 (Popup, 6MS, EV 78.8 MPH)
|
Batting: RHB Adrian Cook
|
0-0: Ball 1-0: Ball 2-0: Ball 3-0: Called Strike 3-1: Base on Balls
|
Batting: LHB Tony Contreras
|
0-0: Swinging Strike 0-1: Foul Ball, location: 2F 0-2: Ball 1-2: Strikes out swinging
|
Batting: LHB Javy Portela
|
0-0: Ball 1-0: Swinging Strike 1-1: Foul Ball, location: 2F 1-2: Strikes out looking
|
Bottom of the 9th over - 0 runs, 0 hits, 0 errors, 1 left on base; Hillsboro 5 - Tri-City 1 |
|